 Dungeon Crawl Stone Soup version 0.30.0-15-g856e2d3f33 (webtiles) character file.

Game seed: 9755947011265078654

312 browni3141 the Magician (level 6, -3/41 HPs)
             Began as a Mummy Summoner on May 19, 2023.
             Slain by a bullfrog (7 damage)
             ... on level 4 of the Dungeon.
             The game lasted 00:04:58 (513 turns).

browni3141 the Magician (Mummy Summoner)             Turns: 513, Time: 00:04:59

Health: -3/41      AC:  2    Str: 11    XL:     6   Next: 18%
Magic:  11/16      EV: 12    Int: 16    God:
Gold:   46         SH:  0    Dex: 13    Spells: 10/19 levels left

rFire   x . .        b - +1 dagger (elec)
rCold   + . .        (no shield)
rNeg    + + +        a - +0 robe
rPois   ∞            (no helmet)
rElec   .            (no cloak)
rCorr   .            (no gloves)
SInv    .            (no boots)
Will    .....        (no amulet)
Stlth   ++           (no ring)
HPRegen 0.26/turn    (no ring)
MPRegen 0.15/turn

%: faith
@: no status effects
A: cold resistance 1, negative energy resistance 3, torment resistance 2, heat
vulnerability 1, in touch with death 1, no potions, faith
a: no special abilities


You were on level 4 of the Dungeon.
You visited 1 branch of the dungeon, and saw 6 of its levels.

You collected 46 gold pieces.

Inventory:

Hand Weapons
 b - a +1 dagger of electrocution (weapon)
Armour
 a - a +0 robe (worn)
Scrolls
 d - a scroll of vulnerability
 r - a scroll of identify


   Skills:
 - Level 1.5 Dodging
 - Level 1.5 Stealth
 * Level 7.3 Spellcasting
 - Level 4.0 Summonings


You had 10 spell levels left.
You knew the following spells:

 Your Spells              Type           Power      Damage    Failure   Level
a - Call Canine Familiar  Summ           18%        N/A       7%          3
g - Summon Guardian Gole  Hex/Summ       12%        N/A       16%         3
x - Call Imp              Summ           36%        N/A       3%          2
z - Summon Small Mammal   Summ           72%        N/A       2%          1

Your spell library contained the following spells:

 Spells                   Type           Power      Damage    Failure   Level
 Summon Lightning Spire   Summ/Air       12%        N/A       45%         4


Dungeon Overview and Level Annotations

Branches:
Dungeon (6/15)             Temple (0/1) D:6

Altars:

Annotations:
D:5 Dowan, Duvessa


Innate Abilities, Weirdness & Mutations

You are immune to poison.
Your flesh is cold resistant. (rC+)
You are immune to negative energy. (rN+++)
You are immune to unholy pain and torment.
You are vulnerable to heat. (rF-)
You are in touch with the powers of death.
You do not drink.
You have a special connection with the divine. (Faith)


Message History

The bullfrog hits your guardian golem.
The bullfrog hits your guardian golem but does no damage.
The bullfrog hits your guardian golem! The bullfrog hits your guardian golem.
The bullfrog hits your guardian golem. x2
Your guardian golem overheats!
The bullfrog hits your guardian golem. Flame seeps out of your guardian golem.
Your guardian golem is engulfed in blazing flames.
Flame seeps out of your guardian golem.
The bullfrog hits your guardian golem but does no damage.
The bullfrog hits your guardian golem!
Your guardian golem disappears in a puff of smoke!
Your guardian golem explodes!
The fiery explosion engulfs the bullfrog!!
The bullfrog dies!
You hear a shout!
Your Spellcasting skill increases to level 7!
As you read the scroll labelled BEMIGG ROCRIE, it crumbles to dust.
Magic quickly surges around you.
It was a scroll of vulnerability.
Unknown command.
As you read the scroll labelled QAQOISEJOG, it crumbles to dust.
It is a scroll of identify.
c - a scroll of teleportation;
r - a scroll of identify
As you read the scroll of teleportation, it crumbles to dust.
You feel strangely unstable.
Your surroundings suddenly seem different.
A wight comes into view. It is wielding a +0 long sword.
Casting: Summon Guardian Golem (quite dangerous; 16% risk of failure)
Confirm with . or Enter, or press ? or * to list all spells.
The spell is quite dangerous to miscast (16% risk of failure)!
Continue anyway?
A guardian golem appears, shielding your allies.
The wight attacks as you move away! The wight closely misses you.
You swap places.
The wight hits your guardian golem with a +0 long sword.
The wight hits your guardian golem but does no damage.
The wight hits your guardian golem with a +0 long sword!
The wight barely misses your guardian golem.
What are your orders? t - Shout!
Orders for allies: a - Attack new target. r - Retreat! s - Stop attacking. g - Guard the area. f - Follow me.
Anything else - Cancel.
Gang up on whom?
Press: ? - help, Dir - move target, f - wight
Aim: a wight, wielding a +0 long sword and wearing a +0 robe Attack!
You feel your willpower return.
The wight hits your guardian golem with a +0 long sword!
Your guardian golem overheats!
The wight hits your guardian golem with a +0 long sword.
Flame seeps out of your guardian golem.
Your guardian golem is engulfed in blazing flames.
Your guardian golem disappears in a puff of smoke!
Your guardian golem explodes!
The fiery explosion engulfs the wight!!
The wight is destroyed!
You have reached level 6!
Found a stone staircase leading up.
You can't go up here!
There is a stone staircase leading up here.
You climb upwards.
There is a stone staircase leading down here.
Dowan, a phantom and a hound come into view.
Dowan shouts!
Dowan mumbles some strange words.
Dowan blinks!
An iguana comes into view.
Duvessa, Sister of Dowan comes into view.
She is wielding a +0 short sword.
The hound bites you.
A bullfrog comes into view.
Found an escape hatch in the ceiling and an escape hatch in the floor.
The hound bites you.
Dowan points at you and mumbles some strange words.
The puff of flame hits you! The fire burns you terribly!
The bullfrog gives a loud, deep croak!
The hound bites you.
* * * LOW HITPOINT WARNING * * *
The hound bites you.
* * * LOW HITPOINT WARNING * * *
The bullfrog hits you.
* * * LOW HITPOINT WARNING * * *
Dowan gestures wildly while chanting.
Dowan blinks!
There is an escape hatch in the ceiling here.
The bullfrog closely misses you. The hound bites you but does no damage.
The bullfrog hits you.
* * * LOW HITPOINT WARNING * * *
The hound stops to sniff the ground.
The hound bites you.
* * * LOW HITPOINT WARNING * * *
A mysterious force pulls you upwards. The hatch slams shut behind you.
The adder hisses angrily.
Found a fuming grey potion.
Found a stone staircase leading up.
Unknown command.
Okay, then.
Unknown command.
An orc and an orc wizard come into view.
The bullfrog hits you!
You die...

# .# ##.
#####.#....
###.#h.F.......
........@.......
.###.#.#........
# #S#.#<#####
#.#.#!.. ....#
... #.#.# o....
#.#.# .... o..
....


You could see a bullfrog, a hound, an orc wizard (asleep) and an orc (asleep).

Vanquished Creatures
  2 adders (D:2)
  A dart slug (D:1)
  2 ball pythons (D:1)
  An endoplasm (D:1)
  2 hobgoblins (D:1)
  A kobold (D:1)
  2 goblins
  2 rats
13 creatures vanquished.

Vanquished Creatures (collateral kills)
  Sigmund (D:2)
  A hobgoblin (D:2)
  A frilled lizard (D:1)
  2 goblins (D:1)
  A rat (D:2)
6 creatures vanquished.

Vanquished Creatures (others)
  A bullfrog (D:6)
  A wight (D:6)
  A quokka (D:6)
3 creatures vanquished.

Grand Total: 22 creatures vanquished

Notes
Turn   | Place    | Note
-------+----------+-------------------------------------------
     0 | D:1      | browni3141 the Mummy Summoner began the quest for the Orb.
     0 | D:1      | Reached XP level 1. HP: 13/13 MP: 4/4
   158 | D:1      | Reached XP level 2. HP: 14/19 MP: 3/5
   268 | D:2      | Reached skill level 3 in Spellcasting
   270 | D:2      | Gained mutation: You are in touch with the powers of death.
                  | [Mummy growth]
   270 | D:2      | Reached XP level 3. HP: 18/24 MP: 5/7
   299 | D:2      | Noticed Sigmund
   305 | D:2      | Learned a level 3 spell: Call Canine Familiar
   320 | D:2      | Learned a level 2 spell: Call Imp
   324 | D:2      | Killed Sigmund
   325 | D:2      | Reached skill level 5 in Spellcasting
   325 | D:2      | Reached skill level 6 in Spellcasting
   325 | D:2      | Reached XP level 4. HP: 28/30 MP: 3/12
   325 | D:2      | Reached XP level 5. HP: 33/35 MP: 3/13
   329 | D:2      | Learned a level 3 spell: Summon Guardian Golem
   353 | D:3      | You fall into a shaft and drop 3 floors!
   355 | D:6      | Found a staircase to the Ecumenical Temple.
   433 | D:6      | Reached skill level 7 in Spellcasting
   474 | D:6      | Reached XP level 6. HP: 35/41 MP: 5/16
   485 | D:5      | Entered Level 5 of the Dungeon
   500 | D:5      | Noticed Dowan
   501 | D:5      | Noticed Duvessa
   511 | D:5      | Noticed an ice beast
   513 | D:4      | Slain by a bullfrog

Illustrated notes

Levels and vault maps discovered:
D:1:      amcnicky_arrival_abandoned_market, layout_loops_ring,
          hangedman_abyss_or_decor_stabs
D:2:      layout_rooms, ebering_ecumenical_altar_abandoned, minmay_pentomino_s2,
          uniq_sigmund, uniq_crazy_yiuf_cottage
D:3:      layout_basic, serial_shops, shop, shop, nicolae_shop_gaudy_bauble,
          portal_sewer_entry_e, uniq_grinder
D:4:      layout_basic, mainiacjoe_overflow_catwalk, minmay_misc_feat_rugged,
          minmay_snake_closets, uniq_pikel
D:5:      layout_cave_pods, zin_statuary, minivault_25, minmay_between,
          uniq_duvessa
D:6:      layout_basic, grunt_gozag_statues, elyvilon_altar_4, temple_pool_b,
          corexii_checkpoint_a, uniq_menkaure

Skill      XL: |  1  2  3  4  5 |
---------------+----------------+-----
Summonings     | 4 |  4.0
Spellcasting   | 3 6 7 |  7.3
Dodging        | |  1.5
Stealth        | |  1.5

Action                     |  1- 3 |  4- 6 || total
---------------------------+-------+-------++-------
  Melee: Dagger            |    43 |       ||    43
   Cast: Summon Small Mamm |    17 |       ||    17
         Call Imp          |     1 |       ||     1
         Call Canine Famil |     1 |       ||     1
         Summon Guardian G |       |     4 ||     4
    Use: Scroll            |       |     3 ||     3
   Stab: Sleeping          |     1 |       ||     1
 Armour: Robe              |    19 |     1 ||    20
  Dodge: Dodged            |    49 |    10 ||    59
